 Dungeon Crawl Stone Soup version 0.32-a0-350-g4f4d228785 (webtiles) character file.

Game seed: 8963162513732719944

6014 dialectric the Fighter (level 10, 0/73 HPs)
             Began as a Demonspawn Fighter on Feb 18, 2024.
             Was an Elder of Hepliaklqana.
             Killed from afar by a gargoyle (3 damage)
             ... with a stone arrow
             ... on level 10 of the Dungeon.
             The game lasted 00:10:28 (8534 turns).

dialectric the Fighter (Demonspawn Fighter)         Turns: 8534, Time: 00:10:28

Health: 0/73       AC:  9    Str: 21    XL:     10   Next: 56%
Magic:  0/10       EV: 18    Int:  9    God:    Hepliaklqana [****..]
Gold:   1765       SH:  0    Dex: 12    Spells: 9/9 levels left

rFire   . . .        u - +1 flail (protect)
rCold   . . .        (no shield)
rNeg    . . .        H - +0 steam dragon scales
rPois   +            (no helmet)
rElec   .            J - +0 cloak
rCorr   .            (no gloves)
SInv    .            (no boots)
Will    .....        B - amulet of guardian spirit
Stlth   +            p - +5 ring of evasion
HPRegen 0.32/turn    (no ring)
MPRegen 0.12/turn

%: guardian spirit
@: no status effects
A: reduced essence, slimy green scales 1, demonic guardian 2, demonic magic 2,
demonic touch 2, poison resistance
a: Renounce Religion, Recall Ancestor, Ancestor Identity, Transference, Idealise


You were on level 10 of the Dungeon.
You worshipped Hepliaklqana.
Hepliaklqana was greatly pleased with you.
You visited 1 branch of the dungeon, and saw 10 of its levels.

You collected 1918 gold pieces.
You spent 153 gold pieces at shops.

Inventory:

Hand Weapons
 f - a +3 great mace of draining
 u - a +1 flail of protection (weapon)
Missiles
 j - 21 poisoned darts (quivered)
 r - 3 throwing nets
 M - a curare-tipped dart
Armour
 b - a +0 scale mail
 c - a +0 buckler
 y - the +0 robe "Desmao" {Will- Str+3 Dex+5}
   (You found it on level 6 of the Dungeon)

   Str+3:     It affects your strength (+3).
   Dex+5:     It affects your dexterity (+5).
   Will-:     It decreases your willpower.
 H - +0 steam dragon scales (worn)
 I - the +1 ring mail "Weseikh" {Rampage rF+ Int+5 Dex-4}
   (You bought it in a shop on level 8 of the Dungeon)

   Int+5:     It affects your intelligence (+5).
   Dex-4:     It affects your dexterity (-4).
   rF+:       It protects you from fire.
   Rampage:   It bestows one free step when moving towards enemies.
 J - a +0 cloak (worn)
Jewellery
 p - a +5 ring of evasion (left hand)
 B - an amulet of guardian spirit (around neck)
 E - an amulet of regeneration
 O - a +5 ring of evasion
Wands
 a - a wand of polymorph (17)
 q - a wand of flame (65)
 w - a wand of mindburst (13)
 z - a wand of light (10)
 D - a wand of roots (11)
Scrolls
 e - 2 scrolls of enchant weapon
 h - 2 scrolls of amnesia {unknown}
 i - 5 scrolls of teleportation
 k - 5 scrolls of silence {unknown}
 l - a scroll of fog {unknown}
 o - 2 scrolls of summoning {unknown}
 s - 2 scrolls of torment {unknown}
 v - 4 scrolls of immolation {unknown}
 A - a scroll of fear {unknown}
 C - a scroll of noise {unknown}
 K - 2 scrolls of identify
 N - a scroll of poison {unknown}
Potions
 d - 3 potions of might
 g - 3 potions of ambrosia
 m - 2 potions of heal wounds
 n - 3 potions of curing
 t - 3 potions of mutation
 x - 2 potions of berserk rage
 F - a potion of cancellation
 G - a potion of haste {unknown}
 L - a potion of enlightenment {unknown}


   Skills:
 + Level 8.5 Fighting
 * Level 8.1 Maces & Flails
 + Level 7.1 Armour
 - Level 5.2 Dodging
 + Level 6.0 Shields


You had 9 spell levels left.
You didn't know any spells.
Your spell library contained the following spells:

 Spells                   Type           Power      Damage    Failure   Level
 Kiss of Death            Conj/Necr      0%         2d5       38%         1
 Cigotuvi's Dreadful Rot  Necr/Alch/Air  0%         N/A       52%         2
 Confusing Touch          Hex            0%         N/A       77%         3
 Dazzling Flash           Conj/Hex       0%         N/A       77%         3
 Volatile Blastmotes      Fire/Tloc      0%         2d10      77%         3
 Dispel Undead            Necr           0%         3d6       99%         4
 Martyr's Knell           Necr/Summ      0%         N/A       99%         4
 Death Channel            Necr           0%         N/A       100%        6
 Starburst                Conj/Fire      0%         6d3       100%        6
 Maxwell's Capacitive Co  Air            0%         ∞         100%        8


Dungeon Overview and Level Annotations

Branches:
Dungeon (10/15)            Temple (0/1) D:6
   Lair: D:8-11         Orc: D:9-12

Altars:
Fedhas
Hepliaklqana
Okawaru
Ru
Wu Jian
Xom
Yredelemnul

Shops:
D:8 *

Annotations:
D:9 1 runed translucent door, Drazool's ghost, novice MDFi


Innate Abilities, Weirdness & Mutations

Your life essence is reduced to manifest your ancestor. (-10% HP)
You are partially covered in slimy green scales. (AC +2)
A demonic guardian rushes to your aid.
Spells you cast may paralyse nearby enemies.
Your touch may inflict irresistible damage on your foes.
Your system is resistant to poisons. (rPois)


Message History

Gegeneg drains the steam dragon.
The steam dragon breathes steam at Gegeneg.
The ball of steam hits Gegeneg.
Gegeneg resists.
Gegeneg casts a spell at the steam dragon.
The steam dragon resists with significant effort.
You swap places.
The steam dragon barely misses you. The steam dragon completely misses you.
Unknown command.
You catch the helpless steam dragon completely off-guard!
You hit the steam dragon but do no damage.
Your weapon exudes an aura of protection.
Your touch misses the steam dragon.
The steam dragon is severely wounded.
You hit the steam dragon.
You touch the steam dragon!
You kill the steam dragon!
Your Shields skill increases to level 6!
An ogre mage comes into view. It is wielding a +0 whip.
The gargoyle seems less confused.
A gargoyle comes into view. It is wielding a +0 flail.
The ogre mage mumbles some strange words.
The ogre mage flickers and vanishes!
Deactivating autopickup; reactivate with Ctrl-A.
The gargoyle is no longer moving slowly.
You hear some strange, mumbled words.
A bolt of magma appears from out of thin air!
The bolt of magma hits you!!
A demonic guardian appears!
The gargoyle hurls a stone arrow at you.
The stone arrow hits you!
The gargoyle hurls a stone arrow at you.
The stone arrow hits you!
Gegeneg hits something with a +0 dagger of draining!
The gargoyle hurls a stone arrow at you.
The stone arrow hits you!!
* * * LOW HITPOINT WARNING * * *
Your rust devil hits the gargoyle.
Your rust devil corrodes the gargoyle!
The gargoyle hurls a stone arrow at you.
The stone arrow hits you.
You die...
Hepliaklqana delivers you to your ancestors.

#...# #..# #. #...# #..#
... #.##...# #..# ......
#.##...# #..# .......
#.##..<# #..##......#
#......####..##......#
#.....)......^.......#
#....................# .
#...........@9.......#.♣[
#.............4.........
#.....................#
#.........R.......[..#
#..........9.........#
#....................#
#........................
#....................#.##
#....................# .


You could see the friendly Gegeneg the hexer, 2 gargoyles and a friendly rust
devil (summoned).

Vanquished Creatures
  A deep elf pyromancer (D:8)
  An unseen horror zombie (D:8)
  A troll (D:9)
  2 hornets
  Prince Ribbit (D:9)
  Sigmund (D:5)
  A yak (D:10)
  A wyvern (D:9)
  3 steam dragons
  2 water moccasins
  A sky beast (D:8)
  2 ice beasts (D:6)
  A black bear (D:6)
  2 ogres
  4 centaurs
  A kobold brigand (D:8)
  6 bullfrogs
  3 scorpions
  2 wights
  3 killer bees
  3 howler monkeys (D:7)
  A bombardier beetle (D:6)
  A centaur zombie (D:8)
  A lava snake (D:8)
  4 orc priests
  A jelly (D:7)
  5 hounds
  Jessica (D:2)
  4 iguanas
  4 orc wizards
  6 adders
  8 gnolls
  A white imp (D:8)
  4 dart slugs
  A ribbon worm (D:3)
  12 orcs
  6 bats
  5 endoplasms
  2 giant cockroaches
  3 goblins
  4 hobgoblins
  5 jackals
  3 quokkas
  13 ball pythons
  5 frilled lizards
  10 kobolds
  3 rats
155 creatures vanquished.

Vanquished Creatures (collateral kills)
  2 black bears (D:5)
  A centaur (D:9)
  A kobold brigand (D:9)
  A wight (D:8)
  4 killer bees
  A howler monkey (D:4)
  A centaur zombie (D:8)
  A bombardier beetle (D:6)
  2 orc wizards
  2 iguanas
  5 gnolls
  5 orcs
  A bat (D:2)
  A jackal (D:2)
  A quokka (D:1)
  A frilled lizard (D:1)
  A rat (D:1)
31 creatures vanquished.

Vanquished Creatures (others)
  A gnoll (D:7)
  A hexer (D:5)
2 creatures vanquished.

Grand Total: 188 creatures vanquished

Notes
Turn   | Place    | Note
-------+----------+-------------------------------------------
     0 | D:1      | dialectric the Demonspawn Fighter began the quest for the
                  | Orb.
     0 | D:1      | Reached XP level 1. HP: 18/18 MP: 1/1
    54 | D:1      | Gained mutation: You are partially covered in slimy green
                  | scales. (AC +2) [demonic ancestry]
    54 | D:1      | Reached XP level 2. HP: 13/24 MP: 2/2
   302 | D:1      | Found a faded altar of an unknown god.
   321 | D:1      | Prayed at the altar of an unknown god.
   321 | D:1      | Became a worshipper of Hepliaklqana the Forgotten
   321 | D:1      | Reached * piety under Hepliaklqana
   363 | D:1      | Gained mutation: Your touch may inflict minor irresistible
                  | damage on your foes. [demonic ancestry]
   363 | D:1      | Reached XP level 3. HP: 19/26 MP: 3/3
  1076 | D:2      | Gained mutation: A weak demonic guardian rushes to your
                  | aid. [demonic ancestry]
  1076 | D:2      | Reached XP level 4. HP: 31/31 MP: 4/4
  1150 | D:2      | Noticed Jessica
  1152 | D:2      | Killed Jessica
  1154 | D:2      | Reached skill level 1 in Dodging
  1298 | D:2      | Reached ** piety under Hepliaklqana
  1299 | D:2      | Remembered your ancestor Gegeneg as a hexer
  1627 | D:2      | Gained mutation: A demonic guardian rushes to your aid.
                  | [demonic ancestry]
  1627 | D:2      | Reached XP level 5. HP: 37/37 MP: 5/5
  2327 | D:4      | Found an ornate altar of the Wu Jian Council.
  2327 | D:4      | Found an iron altar of Okawaru.
  2379 | D:4      | Noticed an ogre
  2386 | D:4      | Killed an ogre
  2387 | D:4      | Reached XP level 6. HP: 43/43 MP: 6/6
  2530 | D:4      | Gained mutation: Spells you cast may paralyse adjacent
                  | enemies. [demonic ancestry]
  2530 | D:4      | Reached XP level 7. HP: 49/49 MP: 7/7
  2974 | D:5      | Entered Level 5 of the Dungeon
  3040 | D:5      | Identified 3 scrolls of acquirement
  3053 | D:5      | Acquired a +2 great mace of draining
  3057 | D:5      | Acquired 627 gold pieces
  3094 | D:5      | Noticed Sigmund
  3105 | D:5      | Killed Sigmund
  3109 | D:5      | Reached skill level 5 in Fighting
  3170 | D:5      | Reached *** piety under Hepliaklqana
  3253 | D:5      | Acquired 865 gold pieces
  3953 | D:5      | Gained mutation: Spells you cast may paralyse nearby
                  | enemies. [demonic ancestry]
  3953 | D:5      | Reached XP level 8. HP: 49/55 MP: 8/8
  4287 | D:6      | Found a blossoming altar of Fedhas.
  4287 | D:6      | Found a shimmering altar of Xom.
  4372 | D:6      | You fall into a shaft and drop 1 floor!
  4393 | D:7      | Reached skill level 5 in Dodging
  4413 | D:7      | Reached skill level 5 in Armour
  4454 | D:7      | Noticed a hornet
  4658 | D:7      | Reached skill level 5 in Maces & Flails
  4744 | D:7      | Killed a hornet
  4745 | D:7      | Reached XP level 9. HP: 53/63 MP: 7/9
  5442 | D:6      | Gained mutation: Your system is resistant to poisons.
                  | (rPois) [potion of mutation]
  5453 | D:6      | Found a staircase to the Ecumenical Temple.
  5591 | D:6      | Reached **** piety under Hepliaklqana
  5607 | D:6      | Found a sacrificial altar of Ru.
  5627 | D:6      | Identified the +0 robe "Desmao" {Will- Str+3 Dex+5}
  6145 | D:8      | Found a basalt altar of Yredelemnul.
  6185 | D:8      | Reached skill level 5 in Shields
  6349 | D:8      | Found Qomix's Assorted Antiques.
  6355 | D:8      | Bought a crude ring mail for 153 gold pieces
  6355 | D:8      | Identified the +1 ring mail "Weseikh" {Rampage rF+ Int+5
                  | Dex-4} (You bought it in a shop on level 8 of the Dungeon)
  6600 | D:8      | Noticed a deep elf pyromancer
  6839 | D:8      | Killed a deep elf pyromancer
  6840 | D:8      | Gained mutation: Your touch may inflict irresistible damage
                  | on your foes. [demonic ancestry]
  6840 | D:8      | Reached XP level 10. HP: 37/72 MP: 5/10
  7831 | D:9      | Noticed Prince Ribbit
  7844 | D:9      | Killed Prince Ribbit
  7989 | D:9      | Found a runed translucent door.
  7989 | D:9      | Found a shimmering altar of Xom.
  7989 | D:9      | Noticed Drazool's ghost (novice MDFi)
  7990 | D:9      | Noticed a +0 mace of chaos
  8469 | D:10     | Entered Level 10 of the Dungeon
  8500 | D:10     | Noticed a gargoyle
  8529 | D:10     | Noticed an ogre mage
  8529 | D:10     | Noticed a gargoyle
  8533 | D:10     | HP: 3/73 [gargoyle/stone arrow (19)]
  8534 | D:10     | Killed from afar by a gargoyle

Illustrated notes

Levels and vault maps discovered:
D:1:      minmay_arrival_checkered_box, layout_basic, basic_ecumenical_altar
D:2:      layout_basic, uniq_crazy_yiuf_cottage, uniq_jessica
D:3:      layout_loops_ring
D:4:      layout_loops_ring, gammafunk_temple_overflow_statue,
          serial_park_tiny_2, chequers_serial_rivers_large_a,
          grunt_ministairs_14, nicolae_figureground_pulse
D:5:      layout_layer_cave, uniq_sigmund
D:6:      layout_basic, minitemple, mainiacjoe_overflow_surrounded_room,
          minmay_temple_entry_stoned_glass, chequers_serial_rivers_micro_c
D:7:      layout_rooms
D:8:      layout_basic, mainiacjoe_overflow_catwalk, serial_shops, shop,
          serial_undead, serial_undead_b, serial_undead_d, serial_undead_f,
          serial_undead_c, minivault_26, blue_anna_alchemist,
          minmay_crystal_room, kennysheep_opposing_triangles
D:9:      layout_long_grid, ebering_ghost_xom, nicolae_titane,
          uniq_prince_ribbit1
D:10:     layout_long_grid, minmay_bent

Skill      XL: |  1  2  3  4  5  6  7  8  9 10 |
---------------+-------------------------------+-----
Maces & Flails | 2 3 4 5 7 8 |  8.1
Armour         | 3 4 5 6 7 |  7.1
Shields        | 3 4 5 6 |  6.0
Dodging        | 1 2 3 4 5 |  5.2
Fighting       | 4 5 6 8 |  8.5

Action                     |  1- 3 |  4- 6 |  7- 9 | 10-12 || total
---------------------------+-------+-------+-------+-------++-------
  Melee: Flail             |    85 |    91 |   271 |    84 ||   531
         Touch             |     3 |    13 |    61 |    17 ||    94
  Throw: Dart              |       |       |     2 |       ||     2
 Invoke: Ancestor Life: He |       |     1 |       |       ||     1
         Recall Ancestor   |       |       |       |     1 ||     1
    Use: Scroll            |       |     1 |    11 |       ||    12
         Potion            |       |       |     2 |       ||     2
   Stab: Confused          |       |     3 |     1 |       ||     4
         Distracted        |       |     1 |       |     2 ||     3
 Armour: Scale mail        |    74 |    50 |   226 |       ||   350
         Steam dragon scal |       |       |    14 |    70 ||    84
  Dodge: Dodged            |    66 |    45 |   297 |   146 ||   554

Table legend: (Time is in decaauts)
 A = Elapsed time spent in this place.
 B = Non-inter-level travel time spent in this place.
 C = Inter-level travel time spent in this place.
 D = Time resting spent in this place.
 E = Time spent auto-exploring this place.
 F = Levels seen in this place.
 G = Mean time per level.
                   A        B        C        D        E       F      G
               +--------+--------+--------+--------+--------+-----+--------+
         Total |   8624 |   8284 |    340 |    172 |   6498 |  10 |  862.4 |
       Dungeon |   8624 |   8284 |    340 |    172 |   6498 |  10 |  862.4 |
               +--------+--------+--------+--------+--------+-----+--------+

Top non-repeatable levels by time:
     D:8: 1481 daAuts
     D:5: 1306 daAuts
     D:9: 1096 daAuts
     D:1: 920 daAuts
     D:7: 844 daAuts
     D:6: 805 daAuts
     D:2: 756 daAuts
     D:4: 732 daAuts
     D:3: 615 daAuts
    D:10: 64 daAuts
